 Dungeon Crawl Stone Soup version 0.30.0-29-ga12c61a403 (webtiles) character file.

Game seed: 15802471224161688134

84 DemonSlayer the Digger (level 4, 0/30 HPs)
             Began as a Demonspawn Earth Elementalist on June 22, 2023.
             Slain by Grinder (8 damage)
             ... on level 4 of the Dungeon.
             The game lasted 00:05:50 (2712 turns).

DemonSlayer the Digger (DsEE)                       Turns: 2712, Time: 00:05:50

Health: 0/30       AC:  4    Str:  7 (9)  XL:     4   Next: 23%
Magic:  6/8        EV: 12    Int: 17 (18) God:
Gold:   102        SH:  0    Dex: 12 (13) Spells: 2/8 levels left

rFire   . . .        d - +0 dagger
rCold   . . .        (no shield)
rNeg    . . .        a - +0 robe
rPois   .            (helmet restricted)
rElec   .            j - +0 cloak
rCorr   .            (no gloves)
SInv    .            m - +0 pair of boots
Will    .....        (no amulet)
Stlth   ++           (no ring)
HPRegen 0.25/turn    (no ring)
MPRegen 0.11/turn

%: no passive effects
@: no status effects
A: antennae 1, weakness stinger 1
a: no special abilities


You were on level 4 of the Dungeon.
You visited 1 branch of the dungeon, and saw 4 of its levels.

You collected 102 gold pieces.

Inventory:

Hand Weapons
 d - a +0 dagger (weapon)
Armour
 a - a +0 robe (worn)
 j - a +0 cloak (worn)
 m - a +0 pair of boots (worn)
Jewellery
 g - an amulet of faith
Scrolls
 c - 3 scrolls of teleportation {unknown}
 f - 2 scrolls of magic mapping {unknown}
 h - a scroll of identify {unknown}
 i - a scroll of torment {unknown}
 k - a scroll of blinking {unknown}
Potions
 e - a potion of curing {unknown}


   Skills:
 + Level 0.2 Fighting
 + Level 0.1 Short Blades
 + Level 2.0 Dodging
 + Level 2.4 Stealth
 + Level 2.7 Spellcasting
 + Level 1.0 Transmutations
 + Level 3.5 Earth Magic


You had 2 spell levels left.
You knew the following spells:

 Your Spells              Type           Power      Damage    Failure   Level
a - Sandblast             Erth           28%        2d8       4%          1
b - Passwall              Tmut/Erth      8%         N/A       11%         2
c - Stone Arrow           Conj/Erth      16%        3d8       26%         3

Your spell library contained the following spells:

 Spells                   Type           Power      Damage    Failure   Level
 Petrify                  Tmut/Erth      10%        N/A       56%         4


Dungeon Overview and Level Annotations

Branches:
Dungeon (4/15)
 Temple: D:4-7

Altars:

Annotations:
D:4 Grinder


Innate Abilities, Weirdness & Mutations

You have a pair of small antennae on your head.
You have a small tail.


Message History

Casting: Sandblast (safe; 4% risk of failure)
Confirm with . or Enter, or press ? or * to list all spells.
The spell is quite dangerous to miscast (26% risk of failure)!
Continue anyway?
Aiming: Stone Arrow (quite dangerous; 26% risk of failure)
Press: ? - help, Shift-Dir - straight line, f/p - Grinder
Aim: Grinder (moderately wounded, 60% to hit)
The stone arrow hits Grinder.
Grinder is moderately wounded.
Grinder hits you.
Unknown command.
The blast of sand hits Grinder.
Grinder is heavily wounded.
Grinder completely misses you. Magic courses through your body.
Grinder says, "Are you a fish?" Grinder barely misses you.
The blast of sand hits Grinder.
Grinder is heavily wounded.
Grinder hits you!
You writhe in agony.
* * * LOW HITPOINT WARNING * * *
Grinder closely misses you.
You are too injured to fight recklessly!
Casting: Sandblast (safe; 4% risk of failure)
Confirm with . or Enter, or press ? or * to list all spells.
Aiming: Sandblast (safe; 4% risk of failure)
Press: ? - help, Shift-Dir - straight line, f/p - Grinder
Aim: Grinder (heavily wounded, 80% to hit)
The blast of sand hits Grinder.
Grinder is heavily wounded.
Grinder misses you.
Unknown command.
Casting: Sandblast (safe; 4% risk of failure)
Confirm with . or Enter, or press ? or * to list all spells.
Aiming: Sandblast (safe; 4% risk of failure)
Press: ? - help, Shift-Dir - straight line, f/p - Grinder
Aim: Grinder (heavily wounded, 80% to hit)
The blast of sand hits Grinder!
Grinder is almost dead.
Grinder hits you!
You die...

..$...........
.............
.........J..
...........
..........#
..........#
..........##
.......<..5##
#.......##.@#
#.....#####..#
#..### ##..#
## #..# #<..
..## ##


You could see Grinder.

Vanquished Creatures
  3 adders
  3 dart slugs
  4 orcs
  6 endoplasms
  A giant cockroach (D:1)
  5 goblins
  5 hobgoblins
  2 ball pythons
  4 bats
  3 frilled lizards (D:2)
  3 kobolds
  6 rats
45 creatures vanquished.

Notes
Turn   | Place    | Note
-------+----------+-------------------------------------------
     0 | D:1      | DemonSlayer the Demonspawn Earth Elementalist began the
                  | quest for the Orb.
     0 | D:1      | Reached XP level 1. HP: 13/13 MP: 3/3
   118 | D:1      | Reached skill level 3 in Earth Magic
   153 | D:1      | Reached skill level 1 in Transmutations
   244 | D:1      | Discovered your monstrous ancestry.
   244 | D:1      | Gained mutation: You have a small tail. [demonic ancestry]
   244 | D:1      | Reached XP level 2. HP: 14/19 MP: 1/5
   321 | D:1      | Learned a level 2 spell: Passwall
  1554 | D:2      | Gained mutation: You have a pair of small antennae on your
                  | head. [demonic ancestry]
  1554 | D:2      | Reached XP level 3. HP: 24/24 MP: 6/6
  1993 | D:2      | Learned a level 3 spell: Stone Arrow
  2026 | D:2      | Reached XP level 4. HP: 18/30 MP: 2/7
  2212 | D:3      | Noticed a scorpion
  2694 | D:4      | Noticed Grinder
  2695 | D:4      | Paralysed by Grinder for 3 turns
  2712 | D:4      | Slain by Grinder

Illustrated notes

Levels and vault maps discovered:
D:1:      minmay_arrival_glassed_features, layout_loops_corners,
          hangedman_glass_teeth
D:2:      layout_loops_ring, minmay_circle_x
D:3:      layout_rooms, marbit_many_paths
D:4:      layout_layer_cave, mainiacjoe_overflow_alcove_4,
          gammafunk_temple_overflow_wave, minmay_temple_entry_crystal_x,
          uniq_grinder, uniq_pikel, uniq_duvessa, uniq_blork_the_orc

Skill      XL: |  1  2  3 |
---------------+----------+-----
Earth Magic    | 3 |  3.5
Transmutations | 1 |  1.0
Stealth        | 2 |  2.4
Dodging        | 2 |  2.0
Fighting       | |  0.2
Short Blades   | |  0.1
Spellcasting   | |  2.7

Action                     |  1- 3 |  4- 6 || total
---------------------------+-------+-------++-------
  Melee: Dagger            |    42 |     1 ||    43
         Tailslap          |     5 |       ||     5
   Cast: Sandblast         |    41 |    20 ||    61
         Passwall          |     2 |       ||     2
         Stone Arrow       |       |     1 ||     1
    Use: Potion            |       |     3 ||     3
   Stab: Sleeping          |     5 |       ||     5
 Armour: Robe              |    25 |     2 ||    27
  Dodge: Dodged            |    67 |    18 ||    85
